 Dungeon Crawl Stone Soup version 0.30-a0-859-gf88a04b62d (webtiles) character file.

Game seed: 16773265747237970368

117999 jimonade the Fighter (level 17, -9/124 HPs)
             Began as a Djinni Warper on Mar 6, 2023.
             Was an Elder of Okawaru.
             Engulfed by a cloud of freezing vapour (17 damage)
             ... on level 1 of the Elven Halls.
             The game lasted 02:01:49 (26905 turns).

jimonade the Fighter (Djinni Warper)               Turns: 26905, Time: 02:01:50

Health: -9/124     AC:  8    Str: 16    XL:     17   Next: 30%
Gold:   1117       EV: 21    Int: 15    God:    Okawaru [****..] SH:  0 Dex: 15

rFire   + + +      SeeInvis .    a - +13 scythe of Curses {drain, curses, Drain}
rCold   . . .      Faith    .    (shield currently unavailable)
rNeg    . . .      Spirit   .    Q - +0 troll leather armour
rPois   ∞          Reflect  .    P - +2 helmet
rElec   .          Rampage  .    r - scarf {rC+ rF+}
rCorr   .                        (no gloves)
Will    ++...                    (boots unavailable)
Stlth   +                        l - amulet of regeneration
HPRegen 2.00/turn                U - +5 ring of evasion
MPRegen 0.00/turn                j - ring of willpower

@: liquefying, flying, studying Fighting, slowed movement, very slow
A: sickness immunity, fire resistance 2, cold vulnerability 1, float, innate
caster, HP casting, extra vitality 1
a: Renounce Religion, Heroism, Finesse


You were on level 1 of the Elven Halls.
You worshipped Okawaru.
Okawaru was greatly pleased with you.
You visited 6 branches of the dungeon, and saw 25 of its levels.
You also visited: Sewer, Ossuary and Ice Cave.

You collected 2077 gold pieces.
You spent 960 gold pieces at shops.

Inventory:

Hand Weapons
 a - the +13 scythe of Curses (weapon) {drain, curses, Drain}
   (You bought it in a shop on level 6 of the Dungeon)

   Drain:     It drains your maximum health when unequipped.
 b - the +7 whip "Ikle" {freeze, rElec rC+}
   (You found it on level 11 of the Dungeon)

   rC:        It protects you from cold.
   rElec:     It insulates you from electricity.
Missiles
 d - 14 boomerangs of dispersal
 i - 2 throwing nets
Armour
 p - a +1 cloak of preservation
 r - a scarf of resistance (worn)
 y - a +1 robe of willpower
 P - a +2 helmet (worn)
 Q - a +0 troll leather armour (worn)
 S - a +2 kite shield of protection
 Y - a +4 chain mail
Magical Staves
 A - a staff of cold
Jewellery
 h - a +6 ring of strength
 j - a ring of willpower (right hand)
 l - an amulet of regeneration (around neck)
 m - a +6 ring of dexterity
 w - a ring of protection from cold
 B - a ring of see invisible
 E - the ring of Omecw {Ice Str-2 Int+3 SInv}
   (You found it in an ice cave)

   [ring of ice]

   It enhances your ice magic.
   Str:       It affects your strength (-2).
   Int:       It affects your intelligence (+3).
   rF:        It makes you vulnerable to fire.
   rC:        It protects you from cold.
   SInv:      It lets you see invisible.
 M - a ring of protection from cold
 U - a +5 ring of evasion (left hand)
 W - a ring of protection from fire
Wands
 v - a wand of flame (84)
 C - a wand of polymorph (6)
 N - a wand of paralysis (27)
 O - a wand of quicksilver (12)
 R - a wand of iceblast (11)
Scrolls
 c - 7 scrolls of blinking
 e - 9 scrolls of fog
 f - 9 scrolls of teleportation
 k - 3 scrolls of poison
 n - 3 scrolls of vulnerability
 o - 5 scrolls of fear
 s - a scroll of identify
 F - 2 scrolls of enchant armour
 H - 3 scrolls of brand weapon
 K - 2 scrolls of immolation
 X - a scroll of magic mapping
 Z - a scroll of enchant weapon {unknown}
Potions
 g - 4 potions of attraction
 t - 12 potions of curing
 u - a potion of berserk rage
 x - 4 potions of mutation
 z - 9 potions of brilliance
 D - 9 potions of haste
 G - 5 potions of heal wounds
 I - 3 potions of resistance
 J - 4 potions of lignification
 V - 6 potions of might


   Skills:
 + Level 12.3 Fighting
 - Level 5.0 Short Blades
 - Level 9.5 Maces & Flails
 * Level 10.4 Polearms
 - Level 0.7 Throwing
 + Level 5.6 Armour
 * Level 8.6 Dodging
 + Level 7.4 Shields
 + Level 12.3 Spellcasting
 - Level 10.0 Invocations


You knew the following spells:

 Your Spells              Type           Power      Damage    Failure   Level
a - Blink                 Tloc           92%        N/A       1%          2
b - Lesser Beckoning      Tloc           92%        N/A       1%          2
c - Vhi's Electric Charg  Tloc/Air       92%        N/A       1%          3
d - Teleport Other        Tloc           46%        N/A       1%          3
e - Manifold Assault      Tloc           46%        N/A       1%          4
f - Apportation           Tloc           92%        N/A       1%          1
g - Call Imp              Summ           46%        N/A       1%          2
h - Kindle Blastsparks    Fire/Tloc/Air  92%        2d17      1%          3
i - Olgreb's Toxic Radia  Pois           46%        N/A       1%          4
j - Leda's Liquefaction   Hex/Erth       23%        N/A       1%          4
k - Freezing Cloud        Conj/Ice/Air   23%        6-21      1%          5
l - Dispersal             Tloc           23%        N/A       9%          6
m - Conjure Ball Lightni  Conj/Air       23%        3x3d6     9%          6
Your spell library was empty.

Dungeon Overview and Level Annotations

Branches:
Dungeon (15/15)            Temple (1/1) D:6            Lair (5/5) D:11
  Swamp (0/4) Lair:3       Spider (0/4) Lair:2        Slime (0/5) Lair:5
    Orc (2/2) D:12            Elf (1/3) Orc:2        Vaults (0/5) D:14
 Depths (1/4) D:15          Sewer (visited)         Ossuary (visited)
  IceCv (visited)

Altars:
Cheibriados
Dithmenos
Elyvilon
Fedhas
Gozag
Hepliaklqana
Makhleb
Nemelex Xobeh
Okawaru
Qazlal
Ru
Trog
Uskayaw
Wu Jian
Xom
Yredelemnul
Zin
The Shining One
Jiyva
Lugonu

Shops:
D:2 ::   D:4 ::[   D:6 *   D:8 *   D:9 (   D:14 [   Orc:2 [(*(:[

Portals:
Abyss: Lair:5

Annotations:
D:5 1 runed translucent door, Esekla's ghost, weakling OpDe
D:14 exclusion: ice statue
Temple 2 transporters
Lair:3 exclusion: oklob plant


Innate Abilities, Weirdness & Mutations

You are immune to sickness and miasma.
You are immune to poison.
Your flesh is very heat resistant. (rF++)
You are vulnerable to cold. (rC-)
You float through the air rather than walking.
You learn spells naturally, not from books.
Your magical power is your life essence.
You have superior vitality. (+4 MHP)


Message History

You hit the +1 dire flail of protection.
Casting: Manifold Assault (mildly dangerous; 1% risk of failure)
Confirm with . or Enter, or press ? or * to list all spells.
The ground around you becomes liquefied!
The +1 dire flail of protection misses you.
Space momentarily warps into an impossible shape!
You hit the +1 dire flail of protection.
The +1 dire flail of protection misses you.
The +1 dire flail of protection hits you.
Space momentarily warps into an impossible shape!
You miss the +1 dire flail of protection.
The +1 dire flail of protection hits you!
The +1 dire flail of protection misses you.
The +1 dire flail of protection hits you.
You closely miss the +1 dire flail of protection.
The +1 dire flail of protection is lightly damaged.
The +1 dire flail of protection hits you!
The +1 dire flail of protection completely misses you.
You barely miss the +1 dire flail of protection.
The +1 dire flail of protection is lightly damaged.
The +1 dire flail of protection hits you!!
The +1 dire flail of protection hits you!
You are too injured to fight recklessly!
You hit the +1 dire flail of protection but do no damage.
The +1 dire flail of protection hits you!! x2
* * * LOW HITPOINT WARNING * * *
The +1 dire flail of protection completely misses you.
Casting: Manifold Assault (mildly dangerous; 1% risk of failure)
Confirm with . or Enter, or press ? or * to list all spells.
You blink.
* * * LOW HITPOINT WARNING * * *
Casting: Blink (safe; 1% risk of failure)
Confirm with . or Enter, or press ? or * to list all spells.
Aiming: Freezing Cloud (mildly dangerous; 1% risk of failure)
Press: ? - help, Dir - move target, f - +1 dire flail of protection
Aim: a +1 dire flail of protection That beam is likely to hit you.
Continue anyway?
* * * LOW HITPOINT WARNING * * *
You are engulfed in freezing vapours.
You die...

### ### ##.# #.##
#).#####..#
##..##)##..##
#....#.#....#
#...[#.#....#
#....#.#....#
###....#.#....####
#.......).......@####
......8.<.8.....§§§§##
.)..............###§§#
.##....#.#.)..### ##(#
###....#.#....# #.# #
#....#.#....#
#........ #
#....#.#....#
#........
##..##.##..##
#........ #..#### .#
#....(...


You could see a +1 dire flail of protection.

Vanquished Creatures
  Rupert (D:13)
  2 orc warlords
  A dire elephant (D:15)
  Azrael (D:13)
  Josephine (Lair:4)
  An entropy weaver (shapeshifter) (Lair:5)
  6 hydras
  2 catoblepae
  5 centaur warriors
  A dancing weapon (Elf:1)
  3 two-headed ogres
  5 boulder beetles
  3 tengu warriors
  11 death yaks (Lair:5)
  2 thrashing horrors (Lair:5)
  An orc high priest (Orc:2)
  A deep elf knight (Elf:1)
  A skyshark (Lair:4)
  Urug (D:14)
  Lodul (D:13)
  5 skeletal warriors (D:15)
  A deep troll (Depths:1)
  A deep elf zephyrmancer (Elf:1)
  Pikel (D:8)
  5 orc knights
  2 wolf spiders (D:15)
  6 deep elf pyromancers
  A will-o-the-wisp (Lair:3)
  5 orc sorcerers (Orc:2)
  Maurice (D:13)
  15 ugly things
  2 manticores
  10 elephants
  A manticore (shapeshifter) (Lair:5)
  6 cyclopes
  3 ice statues (IceCv)
  5 black mambas
  A moth of wrath (Lair:5)
  2 gargoyles (D:13)
  6 cane toads
  Maggie (D:8)
  An unseen horror (D:11)
  2 demonic crawlers (Lair:5)
  Psyche (D:8)
  10 komodo dragons
  4 efreet
  3 yaktaurs (D:15)
  A freezing wraith (IceCv)
  A kobold demonologist (D:10)
  A tengu conjurer (D:15)
  9 ice devils
  2 anaconda simulacra (IceCv)
  2 ancient zymes (Lair:5)
  4 trolls
  A merfolk (D:15)
  4 polar bears
  Prince Ribbit (D:6)
  2 hornets
  26 blink frogs
  22 dream sheep
  12 slime creatures
  2 spriggans
  2 large abominations (Lair:5)
  A water elemental (Elf:1)
  A vampire (D:12)
  4 fire elementals (D:13)
  4 wyverns
  2 ynoxinuls (Lair:5)
  16 humans (D:14)
  5 basilisks
  59 yaks
  9 wraiths
  2 dire elephant simulacra (IceCv)
  A hog (shapeshifter) (D:13)
  A steam dragon (D:7)
  3 chaos spawn (Lair:5)
  4 vampire mosquitoes (D:11)
  A death yak simulacrum (IceCv)
  Edmund (D:6)
  2 swamp worms (Lair:5)
  6 wargs
  10 small abominations (Lair:5)
  10 water moccasins
  A hell hound (D:13)
  An ice beast (D:6)
  38 orc warriors
  3 black bears
  A sky beast (D:7)
  14 ogres
  5 centaurs
  19 wolves
  A lemure (D:8)
  Blork the orc (Orc:2)
  2 kobold brigands (D:9)
  15 bullfrogs
  An earth elemental (Elf:1)
  16 scorpions
  3 cane toad simulacra (IceCv)
  8 wights (D:9)
  A killer bee (D:10)
  An electric eel (D:9)
  7 jellies
  2 centaur zombies (Ossuary)
  7 howler monkeys
  2 hounds (D:6)
  2 human zombies (Ossuary)
  15 orc priests
  2 gnoll boudas
  3 iguanas
  8 scorpion zombies (Ossuary)
  21 orc wizards
  A polar bear simulacrum (IceCv)
  7 hell rats (Lair:5)
  3 mummies (Ossuary)
  Robin (D:4)
  12 gnolls
  6 river rats (Sewer)
  12 adders
  7 ufetubi
  9 worms
  2 dart slugs
  66 orcs
  8 endoplasms
  4 giant cockroaches
  3 gnoll zombies (Ossuary)
  4 hobgoblins
  7 jackals
  2 quokkas
  14 ball pythons
  13 bats
  4 frilled lizards
  18 goblins
  3 goblin zombies (Ossuary)
  A hobgoblin zombie (Ossuary)
  17 kobolds
  3 kobold zombies (Ossuary)
  2 orc zombies (Ossuary)
  2 rats
816 creatures vanquished.

Vanquished Creatures (others)
  An orc wizard (D:4)
  36 foxfires (Lair:3)
  25 fungi
  49 plants
  4 withered plants (D:4)
115 creatures vanquished.

Grand Total: 931 creatures vanquished

Notes
Turn   | Place    | Note
-------+----------+-------------------------------------------
     0 | D:1      | jimonade the Djinni Warper began the quest for the Orb.
     0 | D:1      | jimonade set off with the following spells memorised:
                  | Blink, Lesser Beckoning, Vhi's Electric Charge, Teleport
                  | Other, Manifold Assault.
     0 | D:1      | Reached XP level 1. HP: 18/18 MP: 0/0
   149 | D:1      | Reached XP level 2. HP: 19/23 MP: 0/0
   516 | D:1      | Reached XP level 3. HP: 28/28 MP: 0/0
   516 | D:1      | Learned a level 1 spell: Apportation
   669 | D:1      | You are sucked into a shaft and drop 1 floor!
   669 | D:2      | Found Jaculex's Vocational Training.
  1197 | D:2      | Reached XP level 4. HP: 27/33 MP: 0/0
  1388 | D:2      | Reached skill level 1 in Short Blades
  1484 | D:2      | Found Uponkyto's Book Boutique.
  1820 | D:3      | Found a faded altar of an unknown god.
  2208 | D:3      | Found a bloodstained altar of Trog.
  2349 | D:4      | Found Tablast's Book Shop.
  2374 | D:4      | Reached XP level 5. HP: 37/38 MP: 0/0
  2374 | D:4      | Learned a level 2 spell: Call Imp
  2460 | D:4      | Found a sand-covered staircase.
  2465 | Ossuary  | Entered an ossuary
  2499 | Ossuary  | Reached XP level 6. HP: 36/43 MP: 0/0
  2705 | Ossuary  | Reached XP level 7. HP: 47/49 MP: 0/0
  2705 | Ossuary  | Learned a level 3 spell: Kindle Blastsparks
  2908 | Ossuary  | Reached skill level 5 in Short Blades
  3125 | Ossuary  | Reached XP level 8. HP: 41/54 MP: 0/0
  3264 | Ossuary  | Reached skill level 5 in Spellcasting
  4003 | D:4      | Noticed Robin
  4098 | D:4      | Found Mugoclua's Armour Shoppe.
  4151 | D:4      | Reached XP level 9. HP: 41/58 MP: 0/0
  4151 | D:4      | Learned a level 4 spell: Olgreb's Toxic Radiance
  4331 | D:4      | Killed Robin
  4377 | D:4      | Found a blossoming altar of Fedhas.
  4445 | D:4      | Found Lataom's Book Emporium.
  4613 | D:5      | Entered Level 5 of the Dungeon
  5188 | D:5      | Noticed Esekla's ghost (weakling OpDe)
  5192 | D:5      | Found a runed translucent door.
  5294 | D:5      | Identified the amulet of Kiruitakhi {Spirit Str+3}
  5564 | D:6      | Found a glowing drain.
  5577 | Sewer    | Entered a sewer
  6579 | D:6      | Found Taonkot's Sacrilege Store.
  6594 | D:6      | Found a staircase to the Ecumenical Temple.
  6618 | Temple   | Entered the Ecumenical Temple
  6618 | Temple   | Found a transporter.
  6618 | Temple   | Found a transporter.
  6623 | Temple   | Found a transporter.
  6623 | Temple   | Found a transporter.
  6639 | Temple   | Became a worshipper of Warmaster Okawaru
  6737 | D:6      | Noticed Prince Ribbit
  6751 | D:6      | Killed Prince Ribbit
  6759 | D:6      | Noticed Edmund
  6768 | D:6      | Killed Edmund
  6780 | D:6      | Reached * piety under Okawaru
  6988 | D:6      | Found a sacrificial altar of Ru.
  7006 | D:6      | Found a stormy altar of Qazlal.
  7030 | D:6      | Found a basalt altar of Yredelemnul.
  7114 | D:6      | Found an ornate altar of the Wu Jian Council.
  7145 | D:6      | Reached XP level 10. HP: 56/64 MP: 0/0
  7386 | D:6      | Reached XP level 11. HP: 87/87 MP: 0/0
  7386 | D:6      | Learned a level 4 spell: Leda's Liquefaction
  7879 | D:7      | Reached skill level 1 in Maces & Flails
  8018 | D:7      | Found a hazy altar of Hepliaklqana.
  8623 | D:8      | Found an opulent altar of Gozag.
  8685 | D:8      | Reached skill level 1 in Invocations
  8732 | D:8      | Noticed Pikel
  8761 | D:8      | Killed Pikel
  8761 | D:8      | Reached ** piety under Okawaru
  8858 | D:8      | Found Veunkarch's Changing Room.
  9044 | D:8      | Noticed Psyche
  9061 | D:8      | Killed Psyche
  9275 | D:8      | Noticed Maggie
  9291 | D:8      | Killed Maggie
  9707 | D:9      | Noticed a two-headed ogre
  9724 | D:9      | Killed a two-headed ogre
  9724 | D:9      | Reached *** piety under Okawaru
  9873 | D:9      | Reached skill level 10 in Spellcasting
 10190 | D:9      | Found a burning altar of Makhleb.
 10603 | D:9      | Found Zerolim's Weapon Shop.
 10696 | D:9      | Reached **** piety under Okawaru
 10873 | D:10     | Entered Level 10 of the Dungeon
 11023 | D:10     | Reached XP level 12. HP: 80/94 MP: 0/0
 11594 | D:10     | Found a white marble altar of Elyvilon.
 12105 | D:11     | Reached skill level 5 in Maces & Flails
 12145 | D:11     | Reached skill level 5 in Invocations
 12214 | D:11     | Reached ***** piety under Okawaru
 12520 | D:11     | Found a staircase to the Lair.
 12708 | D:11     | Identified the +7 whip "Ikle" {freeze, rElec rC+}
 13003 | D:12     | Found a staircase to the Orcish Mines.
 13006 | D:12     | Noticed a boulder beetle
 13162 | D:12     | Killed a boulder beetle
 13287 | D:12     | Received a gift from Okawaru
 13569 | Lair:1   | Entered Level 1 of the Lair of Beasts
 13663 | Lair:1   | Reached XP level 13. HP: 82/99 MP: 0/0
 13663 | Lair:1   | Learned a level 5 spell: Freezing Cloud
 13986 | Lair:1   | You are sucked into a shaft and drop 1 floor!
 14717 | Lair:2   | Received a gift from Okawaru
 15005 | Lair:2   | Found a hole to the Spider Nest.
 15952 | Lair:3   | Received a gift from Okawaru
 16063 | Lair:3   | Noticed a seven-headed hydra
 16079 | Lair:3   | Killed a seven-headed hydra
 16124 | Lair:3   | Noticed a catoblepas
 16133 | Lair:3   | Found a staircase to the Swamp.
 16134 | Lair:3   | Killed a catoblepas
 16148 | Lair:3   | Reached XP level 14. HP: 52/105 MP: 0/0
 16403 | Lair:3   | Reached skill level 1 in Shields
 17006 | Lair:4   | Noticed Josephine
 17027 | Lair:4   | Killed Josephine
 17389 | Lair:4   | Reached skill level 5 in Dodging
 17538 | Lair:4   | Identified the +1 quick blade of the Scorching Ancients
                  | {freeze, Will++ rCorr Int-2 Dex+2} (Okawaru gifted it to
                  | you on level 4 of the Lair of Beasts)
 17538 | Lair:4   | Received a gift from Okawaru
 17857 | Lair:5   | Entered Level 5 of the Lair of Beasts
 17861 | Lair:5   | Reached ****** piety under Okawaru
 17921 | Lair:5   | Found a viscous altar of Jiyva.
 18019 | Lair:5   | Found a gate leading to a gauntlet.
 18060 | Lair:5   | Reached skill level 5 in Shields
 18060 | Lair:5   | Received a gift from Okawaru
 18211 | Lair:5   | Reached XP level 15. HP: 67/111 MP: 0/0
 18211 | Lair:5   | Learned a level 6 spell: Dispersal
 18382 | Lair:5   | Reached skill level 5 in Armour
 18634 | Lair:5   | Identified the +5 crystal plate armour "Dociang" {rC+ Str+3
                  | Int+3 Stlth+} (Okawaru gifted it to you on level 5 of the
                  | Lair of Beasts)
 18634 | Lair:5   | Received a gift from Okawaru
 18980 | Lair:5   | Found a staircase to the Slime Pits.
 19513 | Lair:5   | Reached skill level 10 in Invocations
 19858 | Lair:5   | Found a corrupted altar of Lugonu.
 19858 | Lair:5   | Found a one-way gate to the infinite horrors of the Abyss.
 19863 | Lair:5   | Identified the amulet "Tudeepp" {Spirit Fly Will+}
 21070 | D:6      | Bought the +13 scythe of Curses {drain, curses, Drain} for
                  | 960 gold pieces
 21070 | D:6      | Found the +13 scythe of Curses {drain, curses, Drain}
 21422 | D:13     | Noticed Rupert
 21434 | D:13     | Noticed Lodul
 21444 | D:13     | Killed Rupert
 21446 | D:13     | Killed Lodul
 21642 | D:13     | Received a gift from Okawaru
 21659 | D:13     | Noticed Maurice
 21669 | D:13     | Killed Maurice
 21965 | D:13     | Noticed Azrael
 21994 | D:13     | Killed Azrael
 22260 | D:13     | Reached XP level 16. HP: 70/118 MP: 0/0
 22409 | D:14     | Reached skill level 5 in Polearms
 22500 | D:14     | Received a gift from Okawaru
 22554 | D:14     | Noticed Urug
 22567 | D:14     | Killed Urug
 22607 | D:14     | Found a gate to the Vaults.
 23286 | D:14     | Found Socyog's Armour Boutique.
 23355 | D:14     | Received a gift from Okawaru
 23603 | D:15     | Entered Level 15 of the Dungeon
 23693 | D:15     | Found an ornate altar of the Wu Jian Council.
 23718 | D:15     | Found a staircase to the Depths.
 24692 | D:15     | Identified a scroll of acquirement
 24693 | D:15     | Acquired a manual of Fighting
 24763 | Orc:1    | Entered Level 1 of the Orcish Mines
 24864 | Orc:1    | Found a frozen archway.
 24873 | IceCv    | Entered an ice cave
 24893 | IceCv    | Identified the ring of Omecw {Ice Str-2 Int+3 SInv}
 25509 | Orc:1    | Received a gift from Okawaru
 25658 | Orc:2    | Entered Level 2 of the Orcish Mines
 25662 | Orc:2    | Reached XP level 17. HP: 121/123 MP: 0/0
 25662 | Orc:2    | Learned a level 6 spell: Conjure Ball Lightning
 25671 | Orc:2    | Found Ychuigh's Antique Weapon Emporium.
 25730 | Orc:2    | Reached skill level 10 in Polearms
 25919 | Orc:2    | Found a staircase to the Elven Halls.
 25923 | Orc:2    | Received a gift from Okawaru
 26005 | Orc:2    | Noticed Blork the orc
 26007 | Orc:2    | Killed Blork the orc
 26024 | Orc:2    | Found Heesast's Antique Weapon Shoppe.
 26065 | Orc:2    | Found Faleremm's Antique Armour Shop.
 26204 | Orc:2    | Found Nying's Antique Armour Shoppe.
 26244 | Orc:2    | Found Cousog's General Store.
 26275 | Orc:2    | Found Nyxtann's Book Shoppe.
 26609 | Depths:1 | Entered Level 1 of the Depths
 26619 | Depths:1 | Noticed a tengu reaver
 26755 | Elf:1    | Entered Level 1 of the Elven Halls
 26905 | Elf:1    | Engulfed by a cloud of freezing vapour

Illustrated notes

Levels and vault maps discovered:
D:1:      minmay_arrival_widening_spiral_wide, layout_loops_cross
D:2:      layout_basic, serial_shops, nicolae_shop_behind_doors,
          palyth_stone_intersect, nicolae_shop_vocational
D:3:      layout_loops_ring, bloody_trog, shapermc_ecumenical_altar_totnotflames
D:4:      layout_cave_pools, grunt_temple_overflow_growth_and_decay,
          enter_ossuary_5, serial_shops, shop, nicolae_diamond_shop, shop,
          uniq_robin
D:5:      layout_rooms, hellmonk_ghost_happy_afterlife
D:6:      layout_basic, mainiacjoe_overflow_surrounded_room,
          mainiacjoe_overflow_24_doors, mainiacjoe_overflow_big_doors,
          temple_statues, cheibrodos_sewer_entry_bend,
          hangedman_abyss_or_decor_passed, st_stairs_7, nicolae_evil_shop,
          uniq_edmund, uniq_prince_ribbit1
D:7:      layout_cave_pools, nicolae_overflow_crystal_walls,
          kennysheep_cluttered_room
D:8:      layout_basic, nicolae_gozag_seed_capital,
          chequers_serial_rivers_room_a, nicolae_transmutations_shop,
          nicolae_titane, uniq_maggie, uniq_psyche, uniq_pikel
D:9:      layout_basic, lightli_temple_of_fire, serial_shops, shop,
          chequers_serial_rivers_small_3
D:10:     minmay_skewed_foursquare, layout_long_grid, elyvilon_altar_3
D:11:     layout_loops_ring, erik_lair_orcish_takeover, serial_rivers,
          chequers_serial_rivers_room_b, chequers_serial_rivers_micro_c,
          chequers_serial_rivers_micro_e, chequers_serial_rivers_small_b,
          chequers_serial_rivers_room_a
D:12:     layout_long_grid, orc_0_dummy, st_stairs_12
D:13:     layout_loops_ring, uniq_maurice, uniq_azrael, uniq_rupert, uniq_lodul
D:14:     cheibrodos_frozen_isle, layout_cave_pools, david_vaults_3,
          serial_shops, nicolae_shop_advertising_works
          [nicolae_subvault_shop_adworks], minmay_misc_feat_more_columns
D:15:     hangedman_depths_entry_try_elsewhere_first, layout_long_grid,
          grunt_decor_one_mirror, chequers_decorated_corner,
          pdpol_wu_jian_five_deadly_venoms
Temple:   hellmonk_temple_divided_pantheon
Lair:1:   layout_gridlike
Lair:2:   layout_roguey, dummy_spider_entry, lemuel_another_geyser,
          grunt_megastairs_4, lemuel_fruit_tree
Lair:3:   layout_gridlike, minmay_swamp_entry_wisps,
          grunt_forest_stairs_clearing
Lair:4:   layout_hall_layers, beast_lair_carwin_4, uniq_josephine
Lair:5:   hellmonk_lair_end_abyssal_woods, layout_misc_corridors,
          nicolae_slime_entry_field_trip, gauntlet_entry_generic, worms_lemuel
Orc:1:    layout_caves, portal_ice_cave_demonic_guard, basic_altar, mines1_david
Orc:2:    grunt_orc_cross, layout_caves, serial_shops,
          nicolae_shop_hallway_stairs, nicolae_diamond_shop
Elf:1:    eino_elf_arrival_shootout, layout_geoelf_octagon,
          gammafunk_ghost_wrathful_warriors, orc_legates
Depths:1: layout_long_grid, glass_columns_a, pf_hell_entry_tar_spiral,
          rand_demon_pan_entry_4, minmay_serpent_palace

Skill      XL: |  1  2  3  4  5  6  7  8  9 10 11 12 13 14 15 16 17 |
---------------+----------------------------------------------------+-----
Spellcasting   | 3 4 6 9 10 11 12 | 12.3
Polearms       | 2 4 9 10 | 10.4
Short Blades   | 1 2 4 5 |  5.0
Fighting       | 11 12 | 12.3
Maces & Flails | 3 6 7 8 9 |  9.5
Invocations    | 3 5 7 9 10 | 10.0
Dodging        | 3 4 5 7 8 |  8.6
Armour         | 3 4 5 |  5.6
Shields        | 5 7 |  7.4
Throwing       | |  0.7

Action                     |  1- 3 |  4- 6 |  7- 9 | 10-12 | 13-15 | 16-18 || total
---------------------------+-------+-------+-------+-------+-------+-------++-------
  Melee: Spear             |    55 |       |       |       |       |       ||    55
         Short sword       |    68 |   168 |   391 |       |       |       ||   627
         Punch             |       |     2 |     8 |     2 |     2 |       ||    14
         Flail             |       |       |     6 |   213 |   215 |       ||   434
         Whip              |       |       |       |    99 |   317 |       ||   416
         Scythe            |       |       |       |       |    64 |   563 ||   627
  Throw: Boomerang         |       |       |     1 |       |       |       ||     1
   Cast: Kindle Blastspark |       |       |    20 |    35 |    22 |     6 ||    83
         Manifold Assault  |       |       |    43 |    95 |   184 |   343 ||   665
         Olgreb's Toxic Ra |       |       |    34 |    91 |   222 |    52 ||   399
         Blink             |       |       |     1 |     3 |    18 |     7 ||    29
         Vhi's Electric Ch |       |       |       |    17 |    20 |     1 ||    38
         Leda's Liquefacti |       |       |       |    12 |    49 |    19 ||    80
         Freezing Cloud    |       |       |       |       |    53 |    26 ||    79
         Dispersal         |       |       |       |       |     6 |     3 ||     9
 Invoke: Heroism           |       |       |       |       |    10 |    12 ||    22
         Finesse           |       |       |       |       |     4 |     6 ||    10
    Use: Scroll            |       |     2 |    10 |     6 |     6 |     6 ||    30
         Potion            |       |       |       |     1 |       |       ||     1
   Stab: Sleeping          |       |       |     2 |       |       |       ||     2
 Armour: Leather armour    |    35 |       |    59 |     2 |       |       ||    96
         Ring mail         |       |    56 |    22 |     6 |       |       ||    84
         Steam dragon scal |       |       |       |    12 |       |       ||    12
         Troll leather arm |       |       |       |    24 |    95 |    26 ||   145
  Dodge: Dodged            |    80 |    65 |   133 |   119 |   329 |   142 ||   868
  Block: Buckler           |     6 |     1 |       |       |       |       ||     7
         Kite shield       |       |       |       |       |   212 |       ||   212

Table legend: (Time is in decaauts)
 A = Elapsed time spent in this place.
 B = Non-inter-level travel time spent in this place.
 C = Inter-level travel time spent in this place.
 D = Time resting spent in this place.
 E = Time spent auto-exploring this place.
 F = Levels seen in this place.
 G = Mean time per level.
                   A        B        C        D        E       F      G
               +--------+--------+--------+--------+--------+-----+--------+
         Total |  27195 |  25651 |   1544 |   2814 |  15096 |  28 |  971.2 |
       Dungeon |  16225 |  15161 |   1064 |   1324 |   9904 |  15 | 1081.7 |
        Temple |     49 |     38 |     11 |      0 |     10 |   1 |   49.0 |
          Lair |   6802 |   6426 |    376 |    979 |   3393 |   5 | 1360.4 |
  Orcish Mines |   1457 |   1366 |     91 |      4 |    947 |   2 |  728.5 |
   Elven Halls |    167 |    167 |      0 |     16 |     49 |   1 |  167.0 |
        Depths |     15 |     15 |      0 |      0 |      0 |   1 |   15.0 |
         Sewer |    788 |    788 |      0 |     85 |    529 |   1 |  788.0 |
       Ossuary |   1330 |   1330 |      0 |    365 |    263 |   1 | 1330.0 |
      Ice Cave |    359 |    359 |      0 |     41 |      0 |   1 |  359.0 |
               +--------+--------+--------+--------+--------+-----+--------+

Top non-repeatable levels by time:
  Lair:5: 1743 daAuts
    D:13: 1598 daAuts
  Lair:4: 1588 daAuts
  Lair:3: 1422 daAuts
     D:8: 1332 daAuts
 Ossuary: 1330 daAuts
     D:9: 1322 daAuts
    D:11: 1243 daAuts
     D:6: 1237 daAuts
    D:15: 1200 daAuts
    D:10: 1179 daAuts
    D:12: 1117 daAuts
  Lair:2: 1082 daAuts
    D:14: 1058 daAuts
     D:1: 1022 daAuts
